 Dungeon Crawl Stone Soup version 0.17-a0-1851-gf12a9eb (webtiles) character file.

6736 Ikebana the Basher (level 11, -28/69 HPs)
             Began as a Gargoyle Fighter on Sept 18, 2015.
             Was a Follower of the Shining One.
             Annihilated by a white ugly thing (34 damage)
             ... on level 11 of the Dungeon on Sept 19, 2015.
             The game lasted 01:22:48 (11605 turns).

Ikebana the Basher (Gargoyle Fighter)              Turns: 11605, Time: 01:22:48

Health: -28/69     AC: 25    Str: 22    XL:     11   Next: 4%
Magic:  11/11      EV:  6    Int: 10    God:    the Shining One [*.....]
Gold:   367        SH: 11    Dex:  9    Spells: 0 memorised, 10 levels left

rFire  . . .     SeeInvis .     a - +0 flail
rCold  . . .     Clarity  .     q - +1 plate armour
rNeg   + + .     SustAt   .     c - +0 shield
rPois  ∞         Gourm    .     (no helmet)
rElec  +         Spirit   .     (no cloak)
rCorr  .         Warding  .     s - +0 pair of gloves
rMut   .         Stasis   .     H - +0 pair of boots
MR     .....                    (no amulet)
Stlth  ..........               A - +1 ring of evasion
                                r - ring of positive energy

@: glowing, not resistant to hostile enchantments, extremely unstealthy
A: negative energy resistance 1, electricity resistance, unbreathing,
petrification resistance, rot immunity, AC +7
a: Renounce Religion


You were on level 11 of the Dungeon.
You worshipped the Shining One.
The Shining One was aware of your devotion.
You were not hungry.

You visited 2 branches of the dungeon, and saw 12 of its levels.

You collected 579 gold pieces.
You spent 212 gold pieces at shops.

Inventory:

Hand weapons
 a - a +0 flail (weapon)
 f - a +0 whip of pain
 n - a +0 short sword of venom
 t - a +5 halberd of distortion
Armour
 b - a +0 scale mail
 c - a +0 shield (worn)
 q - a +1 plate armour (worn)
 s - a +0 pair of gloves (worn)
 H - a +0 pair of boots (worn)
Jewellery
 g - an uncursed ring of magical power
 j - a cursed ring of ice
 r - a ring of positive energy (left hand)
 A - a +1 ring of evasion (right hand)
 G - an uncursed ring of teleportation
Magical devices
 o - a wand of confusion (4)
 y - a wand of draining (5)
 D - a wand of flame (27)
 I - a wand of lightning (0)
Scrolls
 h - 3 scrolls of amnesia
 u - 3 scrolls of silence
 v - a scroll of identify
 x - 2 scrolls of blinking
 C - 2 scrolls of teleportation
 F - 2 scrolls of remove curse
 J - a scroll of fog {unknown}
Potions
 d - a potion of might
 i - 2 potions of curing
 k - a potion of brilliance
 l - a potion of ambrosia
 p - a potion of poison
 w - a potion of invisibility {unknown}
 z - a potion of haste {unknown}
 K - 2 potions of lignification {unknown}
 M - 2 potions of cancellation {unknown}
Miscellaneous
 E - a plain deck of destruction
Comestibles
 e - a bread ration
 m - 6 meat rations


   Skills:
 + Level 8.7 Fighting
 * Level 10.7 Maces & Flails
 + Level 8.6 Armour
 + Level 8.9 Shields


You had 10 spell levels left.
You didn't know any spells.

Dungeon Overview and Level Annotations

Branches:
Dungeon (11/15)            Temple (1/1) D:7            Lair (0/8) D:11
    Orc (0/4) D:9

Altars:
Ashenzari
Cheibriados
Dithmenos
Elyvilon
Fedhas
Gozag
Kikubaaqudgha
Makhleb
Nemelex Xobeh
Okawaru
Qazlal
Ru
Sif Muna
Trog
Vehumet
Xom
Yredelemnul
Zin
The Shining One

Shops:
D:10 *   D:11 [


Innate Abilities, Weirdness & Mutations

You are resistant to torment.
Your stone body is resilient (AC +7).
You are immune to poison.
You resist negative energy.
You are resistant to electric shocks.
You can survive without breathing.
You are immune to petrification.
You are immune to rotting.


Message History

Found a beef jerky and 20 stones.
A hound skeleton comes into view.
The hound skeleton bites you but does no damage.
You block the hound skeleton's attack.
You sock the hound skeleton!
You hit the white ugly thing but do no damage.
A shadow comes into view.
You hit the white ugly thing.
The white ugly thing is lightly wounded.
The white ugly thing tail-slaps you. The white ugly thing freezes you!!
You hit the white ugly thing but do no damage.
The white ugly thing is lightly wounded.
The white ugly thing tail-slaps you. The white ugly thing freezes you!!
* * * LOW HITPOINT WARNING * * *
A wight comes into view. It is wielding a great sword.
There is an open door here.
The white ugly thing tail-slaps you!
* * * LOW HITPOINT WARNING * * *
The white ugly thing freezes you!!
You die...

...........................
...........................
)..........................
................########.
########........#
##.......# ##......# #
####......#
#(##.##.##@.....#
#...ZzW.Ou......#
#%##.##.##......# #
####......### #.........
#.......... #.∩.....###
#.......# #.......#


You could see a white ugly thing, a two-headed ogre, a shadow, a wight and a
hound skeleton.

Vanquished Creatures
  Erolcha (D:10)
  An unseen horror (D:10)
  2 hill giants (D:10)
  A centaur zombie (D:8)
  Sigmund (D:5)
  2 hippogriffs
  A spriggan (D:7)
  2 hungry ghosts (D:9)
  3 orc warriors
  6 ice beasts
  3 sky beasts
  4 ogres
  A necrophage (D:10)
  5 centaurs
  A crocodile (D:8)
  3 giant frogs
  A wyvern zombie (D:6)
  A crimson imp (D:6)
  2 hounds
  4 orc priests
  2 giant frog skeletons
  A quasit (D:6)
  A giant frog zombie (D:10)
  Jessica (D:2)
  4 iguanas
  12 orc wizards
  2 worker ants
  A hound skeleton (D:6)
  4 gnolls (D:4)
  2 shadow imps
  11 adders
  An ooze (D:3)
  An adder zombie (D:5)
  2 worms
  An adder skeleton (D:6)
  2 giant geckos
  32 orcs
  9 giant cockroaches
  10 goblins
  4 hobgoblins
  8 kobolds
  3 ball pythons
  7 bats
  A giant gecko skeleton (D:4)
  8 giant newts
  23 jackals
  5 quokkas
  A quokka zombie (D:4)
  6 rats
210 creatures vanquished.

Notes
Turn   | Place    | Note
--------------------------------------------------------------
     0 | D:1      | Ikebana the Gargoyle Fighter began the quest for the Orb.
     0 | D:1      | Reached XP level 1. HP: 14/14 MP: 1/1
    86 | D:1      | Reached XP level 2. HP: 16/19 MP: 2/2
   377 | D:1      | Reached XP level 3. HP: 24/24 MP: 3/3
  1125 | D:2      | Noticed Jessica
  1129 | D:2      | Killed Jessica
  1129 | D:2      | Reached XP level 4. HP: 18/29 MP: 4/4
  1624 | D:2      | Reached skill level 4 in Fighting
  1677 | D:2      | Reached XP level 5. HP: 30/33 MP: 5/5
  2052 | D:3      | Noticed Sigmund
  2323 | D:3      | Noticed an orc warrior
  2347 | D:3      | Killed an orc warrior
  2347 | D:3      | Reached XP level 6. HP: 37/39 MP: 6/6
  2555 | D:3      | Found a stormy altar of Qazlal.
  3739 | D:4      | Reached XP level 7. HP: 9/44 MP: 7/7
  4128 | D:5      | Entered Level 5 of the Dungeon
  4263 | D:5      | Reached skill level 5 in Fighting
  4410 | D:4      | Reached skill level 5 in Maces & Flails
  4452 | D:5      | Killed Sigmund
  4452 | D:5      | Reached skill level 5 in Armour
  4452 | D:5      | Reached skill level 5 in Shields
  4883 | D:5      | Reached XP level 8. HP: 37/50 MP: 8/8
  5005 | D:5      | Reached skill level 6 in Maces & Flails
  6003 | D:6      | Found a burning altar of Makhleb.
  6123 | D:6      | Reached skill level 7 in Maces & Flails
  6449 | D:6      | Reached XP level 9. HP: 56/56 MP: 9/9
  6915 | D:7      | Found a shadowy altar of Dithmenos.
  7008 | D:7      | Found a staircase to the Ecumenical Temple.
  7045 | Temple   | Entered the Ecumenical Temple
  7207 | Temple   | Became a worshipper of the Shining One
  7380 | D:7      | Found a sacrificial altar of Ru.
  7498 | D:7      | Reached skill level 8 in Maces & Flails
  8386 | D:8      | Noticed a centaur zombie
  8406 | D:8      | Killed a centaur zombie
  8663 | D:8      | Reached skill level 9 in Maces & Flails
  8764 | D:8      | Reached XP level 10. HP: 35/63 MP: 10/10
  8901 | D:8      | Found a blossoming altar of Fedhas.
  9107 | D:8      | Found a snail-covered altar of Cheibriados.
  9315 | D:9      | Found a staircase to the Orcish Mines.
  9651 | D:9      | Found an opulent altar of Gozag.
  9651 | D:9      | Found a blossoming altar of Fedhas.
  9651 | D:9      | Found a shattered altar of Ashenzari.
  9689 | D:9      | Upgraded the game from 0.17-a0-1849-g8a24fa2 to 0.17-a0-1851-gf12a9eb
  9699 | D:10     | Entered Level 10 of the Dungeon
  9853 | D:10     | Noticed a hill giant
  9885 | D:10     | Killed a hill giant
 10072 | D:10     | Killed an unseen horror
 10072 | D:10     | Reached skill level 10 in Maces & Flails
 10286 | D:10     | Acquired the Shining One's first power
 10286 | D:10     | Noticed a hill giant
 10468 | D:10     | Killed a hill giant
 10573 | D:10     | Noticed Erolcha
 10580 | D:10     | Killed Erolcha
 10979 | D:10     | Found Pialaomy's Assorted Antiques.
 10982 | D:10     | Bought a glowing moonstone ring for 180 gold pieces
 10982 | D:10     | Bought a sedimented inky potion for 32 gold pieces
 11295 | D:11     | Found a staircase to the Lair.
 11410 | D:11     | Reached XP level 11. HP: 47/69 MP: 11/11
 11579 | D:11     | Found Horeag Pygi's Armour Boutique.
 11593 | D:11     | Noticed a white ugly thing
 11605 | D:11     | Annihilated by a white ugly thing

Vault maps used:
D:1:      minmay_arrival_diagonal_passages
D:2:      wad_orctagon, uniq_jessica
D:3:      grunt_qazlal_clouds, uniq_sigmund
D:4:      first_bread
D:6:      bloody_makhleb, minmay_statues_item, st_stairs_11
D:7:      old_standard_altar, minmay_temple_entry_statues_fountains, the_bakery,
          hangedman_glass_garden, small_statue_intersection,
          grunt_dithmenos_smoke_and_mirrors
D:8:      cheibriados_altar_1, fedhas_altar_3
D:9:      gammafunk_temple_overflow_claw
D:10:     serial_shops, shop, uniq_erolcha
D:11:     hangedman_cross_veins, lair_0_dummy, serial_shops, shop, uniq_maud
Temple:   circular_temple_12

Action                   |  1- 3 |  4- 6 |  7- 9 | 10-12 || total
-------------------------+-------+-------+-------+-------++-------
Melee: Flail             |   138 |    98 |   171 |   254 ||   661
       Whip              |    11 |       |       |       ||    11
       Short sword       |       |   169 |   330 |       ||   499
Evoke: Wand              |       |     2 |     4 |    13 ||    19
  Use: Scroll            |     4 |     3 |    13 |     5 ||    25
       Potion            |       |     1 |       |     9 ||    10
 Stab: Confused          |       |     1 |       |       ||     1
  Eat: Chunk             |     1 |     6 |     3 |       ||    10
       Pizza             |       |     1 |       |       ||     1
       Beef jerky        |       |     1 |       |       ||     1
       Bread ration      |       |       |     3 |     5 ||     8
       Fruit             |       |       |     1 |    10 ||    11
       Royal jelly       |       |       |     1 |       ||     1
